AoeStats
← MrIonV

Golden Pit

509829085Analyzed
1v1 RM · 4d ago on Sep 28, 2026· 34m 47s· 2 players
Game mode
Random Map
Map size
Tiny (2 player)
Population
200
Speed
Normal
Resources
Standard
Victory
Conquest
Starting age
Dark Age
Ending age
Imperial Age
RankedLock teamsTeams togetherTeam positionsShared explorationLock speedFull tech treeHidden civsTurbo modeCheats
Victory
Defeat
🇪🇨 Mongols · Ecuador
986
+14
🇬🇧 Poles · United Kingdom
935
-14
MrIonV
5:29 Loom
11:12 Feudal Age
17:56 Castle Age
17:45 Double-Bit Axe
21:08 Horse Collar
22:13 Squires
24:42 Bloodlines
28:32 Husbandry
31:52 Crossbowman
[TKILLA] Elmiko
9:34 Loom
11:43 Feudal Age
12:09 Double-Bit Axe
12:12 Horse Collar
17:39 Castle Age
16:24 Forging
17:52 Bloodlines
17:49 Scale Barding Armor
17:39 Gold Mining
20:58 Iron Casting
22:50 Husbandry
23:46 Chain Barding Armor
29:14 Fletching
33:46 Imperial Age
32:46 Gold Shaft Mining
32:16 Murder Holes
32:42 Ballistics
33:33 Bodkin Arrow
33:53 Masonry
Connection lost

Rejoining the realm…

Still unreachable

The connection could not be restored.

Session expired

The server has moved on; the page needs a fresh start.